 Dungeon Crawl Stone Soup version 0.28.0-53-g5a82cb258f (webtiles) character file.

Game seed: 2284419152832318124

16 LynnLen the Sneak (level 2, -3/19 HPs)
             Began as a Vampire Enchanter on Aug 9, 2022.
             Frozen to death by an endoplasm (4 damage)
             ... on level 2 of the Dungeon.
             The game lasted 00:02:46 (450 turns).

LynnLen the Sneak (Vampire Enchanter)                Turns: 450, Time: 00:02:47

Health: -3/19      AC:  2    Str:  7    XL:     2   Next: 41%
Magic:  5/5        EV: 12    Int: 17    God:
Gold:   58         SH:  0    Dex: 14    Spells: 5/5 levels left

rFire   . . .      SeeInvis +   a - +1 dagger
rCold   . . .      Faith    .   (no shield)
rNeg    . . .      Spirit   .   b - +0 robe
rPois   .          Reflect  .   (no helmet)
rElec   .          Harm     .   (no cloak)
rCorr   .          Rampage  .   (no gloves)
Will    .....                   (no boots)
Stlth   +++.......              (no amulet)
HPRegen 0.26/turn               (no ring)
MPRegen 0.09/turn               (no ring)

@: healing quickly
A: alive, fangs 3, see invisible, vampiric 1
a: Exsanguinate


You were on level 2 of the Dungeon.
You visited 1 branch of the dungeon, and saw 2 of its levels.

You collected 58 gold pieces.

Inventory:

Hand Weapons
 a - a +1 dagger (weapon)
Missiles
 d - 7 stones (quivered)
 e - 6 boomerangs
Armour
 b - a +0 robe (worn)
Scrolls
 f - a scroll of magic mapping {unknown}
 h - a scroll of enchant weapon {unknown}
Potions
 c - a potion of invisibility
 g - a potion of brilliance {unknown}


   Skills:
 * Level 2.3 Short Blades
 - Level 2.1 Dodging
 + Level 4.9 Stealth
 - Level 2.0 Spellcasting
 - Level 4.4 Hexes


You had 5 spell levels left.
You didn't know any spells.
Your spell library contained the following spells:

 Spells                   Type           Power      Damage    Failure   Level
 Confusing Touch          Hex            16%        N/A       10%         3
 Tukima's Dance           Hex            16%        N/A       10%         3
 Ensorcelled Hibernation  Hex/Ice        18%        N/A       12%         2
 Dazzling Flash           Conj/Hex       18%        N/A       24%         3


Dungeon Overview and Level Annotations

Branches:
Dungeon (2/15)

Altars:


Innate Abilities, Weirdness & Mutations

Your natural rate of healing is accelerated.
You have razor-sharp teeth.
You have supernaturally acute eyesight. (SInv)
You are afflicted with vampirism.


Message History

The jackal bites you. The endoplasm freezes you.
You are frozen.
You hit the jackal. Your bite misses the jackal.
The jackal is heavily wounded.
The jackal bites you but does no damage.
The endoplasm freezes you.
You are frozen.
You hit the jackal.
The jackal is severely wounded.
The jackal bites you but does no damage.
You hit the jackal. You bite the jackal, but do no damage.
The jackal is almost dead.
The jackal bites you.
The endoplasm hits you but does no damage.
The jackal barely misses you.
You closely miss the jackal. You punch the jackal, but do no damage.
The jackal is almost dead.
The endoplasm misses you. The jackal barely misses you.
You completely miss the jackal. You bite the jackal, but do no damage.
The jackal is almost dead.
The jackal bites you but does no damage.
The endoplasm freezes you.
You are frozen.
You barely miss the jackal.
The jackal is almost dead.
The jackal bites you. The endoplasm barely misses you.
You hit the jackal but do no damage.
The jackal is almost dead.
The jackal bites you. The endoplasm hits you.
* * * LOW HITPOINT WARNING * * *
The jackal bites you.
* * * LOW HITPOINT WARNING * * *
You hit the jackal but do no damage. Your bite misses the jackal.
The jackal is almost dead.
The jackal bites you.
* * * LOW HITPOINT WARNING * * *
The endoplasm freezes you.
You are frozen.
You die...

..# #.# l###. #.### .#.. ....#
#... ....### #... ......# #.#.
.[....#### #.#.##
.........####...J##### #
......##.......#@....# ...
#.....##.#......h###.#######....
#.#.####.#.####.###.............
#.#.# #.#.# #.##.............#
#.#.####.#.####.##..#.##.....###
#.#..........<..##.###.#.#####
#...........##..#.## #..#
#######.........## #.#
#.......#..## ...#


You could see an endoplasm and a jackal.

Vanquished Creatures
  2 ball pythons (D:1)
  2 bats
  2 endoplasms (D:2)
  A giant cockroach (D:1)
  2 goblins
  A hobgoblin (D:1)
  A quokka (D:2)
  A kobold (D:2)
  2 rats (D:1)
14 creatures vanquished.

Notes
Turn   | Place    | Note
-------+----------+-------------------------------------------
     0 | D:1      | LynnLen the Vampire Enchanter began the quest for the Orb.
     0 | D:1      | Reached XP level 1. HP: 13/13 MP: 3/3
   112 | D:1      | You fall into a shaft and drop 1 floor!
   190 | D:2      | Reached XP level 2. HP: 19/19 MP: 5/5
   424 | D:1      | Found a faded altar of an unknown god.
   450 | D:2      | Frozen to death by an endoplasm

Illustrated notes

Levels and vault maps discovered:
D:1:      psy_arrival_dodecagon, layout_basic, basic_ecumenical_altar,
          grunt_decor_clamped
D:2:      layout_loops_ring, nicolae_concentric_dashed_squares_wild,
          minmay_cut_off, uniq_sigmund, uniq_natasha, uniq_terence

Skill      XL: |  1 |
---------------+----+-----
Short Blades   | 2 |  2.3
Dodging        | |  2.1
Stealth        | |  4.9
Spellcasting   | |  2.0
Hexes          | |  4.4

Action                   || total
-------------------------++-------
Melee: Dagger            ||    66
       Bite              ||     7
       Punch             ||     2
 Stab: Sleeping          ||     2
Armor: Robe              ||    16
Dodge: Dodged            ||    40
